 Dungeon Crawl Stone Soup version 0.19-a0-49-gb8736b8 (webtiles) character file.

1347 kae the Basher (level 8, 0/64 HPs)
             Began as a Minotaur Fighter on May 6, 2016.
             Killed from afar by an electric eel (8 damage)
             ... with a bolt of electricity
             ... on level 7 of the Dungeon.
             The game lasted 00:05:48 (5242 turns).

kae the Basher (Minotaur Fighter)                   Turns: 5242, Time: 00:05:50

Health: 0/64       AC: 10    Str: 22    XL:     8   Next: 36%
Magic:  7/7        EV:  2    Int:  7    God:
Gold:   356        SH:  9    Dex:  9    Spells: 0 memorised, 7 levels left

rFire  x . .     SeeInvis .     a - +1 flail
rCold  + . .     Gourm    .     b - +0 scale mail
rNeg   . . .     Faith    .     c - +0 shield
rPois  .         Spirit   .     (helmet restricted)
rElec  .         Dismiss  .     s - +2 cloak
rCorr  .         Reflect  .     (no gloves)
SustAt .         Harm     .     (no boots)
MR     .....                    (no amulet)
Stlth  ..........               (no ring)
                                r - ring of ice

@: not resistant to hostile enchantments, extremely unstealthy
A: retaliatory headbutt, horns 2
a: no special abilities


You were on level 7 of the Dungeon.
You were not hungry.

You visited 1 branch of the dungeon, and saw 7 of its levels.

You collected 356 gold pieces.

Inventory:

Hand Weapons
 a - a +1 flail (weapon)
Armour
 b - a +0 scale mail (worn)
 c - a +0 shield (worn)
 s - a +2 cloak (worn)
Jewellery
 r - a ring of ice (left hand)
 y - an uncursed amulet of magic regeneration
Scrolls
 i - 2 scrolls of identify
 n - 6 scrolls of remove curse
 B - a scroll of amnesia
Potions
 d - 2 potions of might
 e - 9 potions of curing
 g - a potion of agility
 j - a potion of brilliance
 k - a potion of invisibility
 m - 2 potions of ambrosia
 p - a potion of heal wounds
 q - 2 potions of cancellation
 t - 2 potions of magic
Books
 h - a book of Flames

   Spells                             Type                      Level
   a - Flame Tongue                   Conjuration/Fire             1
   b - Throw Flame                    Conjuration/Fire             2
   c - Conjure Flame                  Conjuration/Fire             3
   d - Inner Flame                    Hexes/Fire                   3
   e - Sticky Flame                   Conjuration/Fire             4
   f - Fireball                       Conjuration/Fire             5
Comestibles
 f - 3 bread rations
 l - 4 chunks of flesh
 o - a royal jelly
 u - 2 slices of pizza
 w - 4 meat rations
 x - a beef jerky


   Skills:
 - Level 3.6 Fighting
 + Level 12.1 Maces & Flails
 - Level 3.6 Armour
 - Level 3.6 Shields


You had 7 spell levels left.
You didn't know any spells.

Dungeon Overview and Level Annotations

Branches:
Dungeon (7/15)
 Temple: D:4-7

Altars:
Okawaru
Sif Muna
Xom
The Shining One

Shops:
D:4 }

Annotations:
D:3 1 runed door


Innate Abilities, Weirdness & Mutations

You reflexively headbutt those who attack you in melee.
You have a pair of horns on your head.


Message History

The electric eel shoots out a bolt of lightning at you!
The bolt of electricity hits you!
* * * LOW HITPOINT WARNING * * *
Unknown command.
Unknown command.
Unknown command.
Drink which item? (? for menu, Esc to quit)
You feel much better.
The electric eel shoots out a bolt of lightning at you!
The bolt of electricity hits the plant.
The bolt of electricity hits you!
* * * LOW HITPOINT WARNING * * *
There is a stone staircase leading up here.
The electric eel shoots out a bolt of lightning at you!
The bolt of electricity hits the plant.
The plant is destroyed!
The bolt of electricity hits you!
* * * LOW HITPOINT WARNING * * *
The electric eel shoots out a bolt of lightning at you!
The bolt of electricity hits you!
You die...

≈P≈♣P♣ . ≈
≈≈≈≈≈♣♣. #
≈≈♣P≈≈P≈≈♣ .#
≈≈≈≈P♣;≈≈♣♣.#
≈ ≈≈≈≈≈♣≈P≈.
≈≈≈ ≈≈≈≈≈≈♣
≈≈≈P≈♣;≈≈♣
♣PP≈≈≈##
≈≈≈P≈♣♣♣o@#
P♣≈ #.#.....#
#.##.#.....
.. .....⌠.
##. .......
.. .##.### .#
## ... . ..


You could see 2 electric eels and an orc.

Vanquished Creatures
  Menkaure (D:6)
  A necrophage (D:4)
  3 ogres
  A centaur (D:6)
  A giant frog (D:6)
  A scorpion (D:4)
  A crimson imp (D:5)
  A giant frog zombie (D:5)
  2 hounds
  2 jellies (D:5)
  A quasit (D:4)
  An orc priest (D:5)
  A centaur skeleton (D:4)
  An orc wizard (D:3)
  4 worker ants
  A killer bee zombie (D:6)
  A hound skeleton (D:5)
  4 gnolls (D:2)
  6 adders
  A shadow imp (D:4)
  2 oozes (D:3)
  An adder zombie (D:5)
  An adder skeleton (D:6)
  8 worms
  5 dart slugs
  4 giant geckos
  15 orcs
  7 ball pythons
  2 giant cockroaches
  4 goblins
  7 hobgoblins
  8 quokkas
  7 bats
  A giant gecko skeleton (D:5)
  7 giant newts
  6 kobolds
  2 quokka skeletons
  11 rats
133 creatures vanquished.

Vanquished Creatures (others)
  A plant (D:7)
1 creature vanquished.

Grand Total: 134 creatures vanquished

Notes
Turn   | Place    | Note
--------------------------------------------------------------
     0 | D:1      | kae the Minotaur Fighter began the quest for the Orb.
     0 | D:1      | Reached XP level 1. HP: 19/19 MP: 0/0
    53 | D:1      | Reached skill level 3 in Maces & Flails
    77 | D:1      | Reached XP level 2. HP: 24/26 MP: 1/1
   613 | D:2      | Reached skill level 4 in Maces & Flails
   671 | D:2      | Found an iron altar of Okawaru.
   680 | D:2      | Reached XP level 3. HP: 19/31 MP: 2/2
   724 | D:2      | Reached skill level 5 in Maces & Flails
   922 | D:2      | Reached XP level 4. HP: 32/39 MP: 3/3
  1257 | D:3      | Reached skill level 6 in Maces & Flails
  1257 | D:3      | Reached XP level 5. HP: 39/45 MP: 4/4
  1270 | D:3      | Found a faded altar to an unknown god.
  1453 | D:3      | Found a glowing golden altar of the Shining One.
  1453 | D:3      | Found a runed door.
  1453 | D:3      | Noticed an angel
  1603 | D:3      | Reached skill level 7 in Maces & Flails
  1640 | D:3      | Found a deep blue altar of Sif Muna.
  2025 | D:4      | Reached XP level 6. HP: 38/51 MP: 5/5
  2058 | D:4      | Found Waoket's Gadget Shoppe.
  2063 | D:4      | Reached skill level 8 in Maces & Flails
  2373 | D:4      | Reached skill level 9 in Maces & Flails
  2462 | D:4      | Reached XP level 7. HP: 57/57 MP: 6/6
  3140 | D:5      | Entered Level 5 of the Dungeon
  3290 | D:5      | Reached skill level 10 in Maces & Flails
  3357 | D:5      | Found a shimmering altar of Xom.
  4084 | D:5      | Reached skill level 11 in Maces & Flails
  4277 | D:5      | Reached XP level 8. HP: 64/64 MP: 7/7
  4444 | D:6      | Noticed Menkaure
  4459 | D:6      | Killed Menkaure
  5012 | D:6      | Reached skill level 12 in Maces & Flails
  5242 | D:7      | Killed from afar by an electric eel

Vault maps used:
D:1:      dpeg_arrival_solitude, nrook_mini_vaults
D:2:      okawaru_metal_pillars_1_2
D:3:      lemuel_coloured_pillars_altar, ecumenical_altar_1, lemuel_angel_altar
D:4:      serial_shops, shop, first_bread, hex_intersection
D:5:      xom_teletrap_fun
D:6:      kennysheep_generic_room_8, uniq_menkaure
D:7:      lemuel_crystal_altar, old_standard_altar,
          minmay_temple_entry_junction2, serial_corexii_hall,
          corexii_hall_statues_t, corexii_hall_statues_deadend,
          corexii_hall_statues_x, grunt_ogre_cave, serial_bayou_lake_a

Skill      XL: |  1  2  3  4  5  6  7  8 |
---------------+-------------------------+-----
Maces & Flails | 3 4 5 6 7 9 11 12 | 12.1
Fighting       | |  3.6
Armour         | |  3.6
Shields        | |  3.6

Action                   |  1- 3 |  4- 6 |  7- 9 || total
-------------------------+-------+-------+-------++-------
Melee: Flail             |    61 |   175 |   140 ||   376
       Headbutt          |    12 |    20 |    24 ||    56
  Use: Scroll            |       |       |    17 ||    17
       Potion            |       |       |     1 ||     1
  Eat: Chunk             |       |     5 |     9 ||    14
Armor: Scale mail        |    22 |    79 |    38 ||   139
Dodge: Dodged            |    16 |    35 |    36 ||    87
Block: Shield            |    29 |    82 |    65 ||   176
